 Dungeon Crawl Stone Soup version 0.29-a0-91-gdebf4667c2 (webtiles) character file.

Game seed: 10548535153722176066

17082 zazu2006 the Covert (level 12, -2/98 HPs)
             Began as a Naga Hedge Wizard on Feb 3, 2022.
             Was a Priest of Vehumet.
             Slain by an ogre (26 damage)
             ... on level 2 of the Orcish Mines on Feb 8, 2022.
             The game lasted 00:51:07 (19088 turns).

zazu2006 the Covert (Naga Hedge Wizard)            Turns: 19088, Time: 00:51:07

Health: -2/98      AC: 13    Str: 17    XL:     12   Next: 44%
Magic:  21/23      EV: 12    Int: 16    God:    Vehumet [***...]
Gold:   713        SH:  0    Dex: 16    Spells: 17/26 levels left

rFire   . . .      SeeInvis +   E - +3 scimitar (flame)
rCold   . . .      Faith    .   (no shield)
rNeg    + . .      Spirit   .   F - +0 steam dragon scales
rPois   +          Reflect  .   h - +0 helmet
rElec   .          Harm     .   u - +2 cloak {rPois}
rCorr   .          Rampage  .   b - +1 Delatra's gloves {ID++}
Will    +....                   (no barding)
Stlth   +++++.....              (no amulet)
HPRegen 0.26/turn               k - ring of positive energy
MPRegen 0.18/turn               q - +6 ring of dexterity

@: on blink cooldown, very slow
A: AC +4, large, see invisible, deformed body, poison resistance, slowness 2,
spit poison 1, naga tail 1, frail 1
a: Spit Poison, Renounce Religion


You were on level 2 of the Orcish Mines.
You worshipped Vehumet.
Vehumet was most pleased with you.
You visited 4 branches of the dungeon, and saw 16 of its levels.
You visited the Abyss 1 time.

You collected 713 gold pieces.

Inventory:

Hand Weapons
 r - a +1 scimitar of freezing
 C - a +1 vorpal falchion
 E - a +3 scimitar of flaming (weapon)
Missiles
 c - 8 javelins
 z - 5 throwing nets
Armour
 b - the +1 Delatra's gloves (worn) {ID++}
   (You found it on level 4 of the Dungeon)

   It heals its wearer when they drink unknown potions.
   It restores its wearer's MP when they read unknown scrolls.
 h - a +0 helmet (worn)
 p - a +2 kite shield
 u - a +2 cloak of poison resistance (worn)
 F - +0 steam dragon scales (worn)
Jewellery
 k - a ring of positive energy (left hand)
 q - a +6 ring of dexterity (right hand)
 y - an amulet of faith
 H - a ring of fire
 M - the amulet "Jehuj" {-Tele rPois Regen+ Str+5}
   (You found it on level 10 of the Dungeon)

   [amulet of regeneration]

   Str:       It affects your strength (+5).
   rPois:     It protects you from poison.
   -Tele:     It prevents most forms of teleportation.
   Regen:     It increases your rate of health regeneration.
Wands
 B - a wand of flame (18)
Scrolls
 d - a scroll of identify
 f - 2 scrolls of magic mapping
 j - 7 scrolls of teleportation
 m - a scroll of acquirement {unknown}
 n - 2 scrolls of fog {unknown}
 o - 2 scrolls of blinking {unknown}
 s - a scroll of noise {unknown}
 v - a scroll of amnesia {unknown}
 x - 4 scrolls of vulnerability
 I - 2 scrolls of enchant weapon
 K - a scroll of enchant armour {unknown}
 L - a scroll of immolation {unknown}
Potions
 e - a potion of berserk rage
 g - 2 potions of haste
 i - a potion of invisibility
 l - a potion of magic {unknown}
 t - 2 potions of lignification
 w - a potion of cancellation {unknown}
 A - 4 potions of curing
 D - 4 potions of mutation
 G - a potion of might
 J - a potion of heal wounds
 N - a potion of attraction {unknown}


   Skills:
 + Level 7.3 Fighting
 + Level 8.7 Long Blades
 + Level 2.3 Armour
 + Level 5.6 Dodging
 + Level 10.5 Stealth
 + Level 7.9 Spellcasting
 + Level 7.7 Conjurations
 + Level 1.0 Summonings
 + Level 2.3 Translocations
 + Level 1.5 Fire Magic
 + Level 4.4 Air Magic
 + Level 6.7 Poison Magic
 + Level 1.3 Evocations


You had 17 spell levels left.
You knew the following spells:

 Your Spells              Type           Power      Damage    Failure   Level
a - Magic Dart            Conj           100%       1d8       1%          1
b - Mephitic Cloud        Conj/Pois/Air  26%        N/A       1%          3
c - Conjure Flame         Conj/Fire      21%        6-21      1%          3
d - Blink                 Tloc           26%        N/A       7%          2

Your spell library contained the following spells:

 Spells                   Type           Power      Damage    Failure   Level
 Frozen Ramparts          Ice            12%        1d3       10%         3
 Poisonous Vapours        Pois/Air       48%        N/A       1%          2
 Corpse Rot               Necr/Air       26%        N/A       7%          2
 Inner Flame              Hex/Fire       8%         N/A       7%          3
 Call Imp                 Summ           9%         N/A       11%         2
 Slow                     Hex            24%        N/A       12%         1
 Sublimation of Blood     Necr           6%         N/A       17%         2
 Irradiate                Conj/Tmut      9%         3d16      17%         5
 Cause Fear               Hex            3%         N/A       75%         4
 Petrify                  Tmut/Erth      6%         N/A       75%         4
 Borgnjor's Revivificati  Necr           3%         N/A       100%        8
 Discord                  Hex            3%         N/A       100%        8
 Necromutation            Tmut/Necr      3%         N/A       100%        8
 Death's Door             Necr           3%         N/A       100%        9


Dungeon Overview and Level Annotations

Branches:
Dungeon (11/15)            Temple (1/1) D:7            Lair (2/6) D:10
    Orc (2/2) D:10
  Swamp: Lair:2-4    Shoals: Lair:2-4     Snake: Lair:2-4    Spider: Lair:2-4
    Elf: Orc:2

Altars:
Ashenzari
Cheibriados
Dithmenos
Elyvilon
Fedhas
Gozag
Hepliaklqana
Kikubaaqudgha
Makhleb
Nemelex Xobeh
Okawaru
Qazlal
Ru
Sif Muna
Trog
Uskayaw
Vehumet
Wu Jian
Xom
Yredelemnul
Zin
The Shining One

Shops:
D:2 !   D:10 ([   Orc:2 [?

Annotations:
D:8 3 runed translucent doors, Corwin's ghost, novice HuBe
D:11 exclusion: 2 orange crystal statues
Lair:1 2 transporters, crazypyro's ghost, journeyman DsFi
Lair:2 Fannar


Innate Abilities, Weirdness & Mutations

Your serpentine skin is tough. (AC +4)
You have supernaturally acute eyesight. (SInv)
Armour fits poorly on your strangely shaped body.
Your system is resistant to poisons. (rPois)
You cover ground very slowly.
You can spit poison.
You have a snake-like lower body.
You are frail. (-10% HP)


Message History

The troll bites you but does no damage.
The troll claws you but does no damage. x2
The ogre hits you with a +0 giant club! The deep troll bites you!
The deep troll claws you but does no damage.
The deep troll claws you. The troll bites you! The troll barely misses you.
The troll claws you.
The ogre hits you with a +0 giant club!!
There is a stone staircase leading up, spattered with blood here.
Unknown command.
Unknown command.
Okay, then.
Unknown command.
Unknown command.
Casting: Mephitic Cloud (safe; 1% risk of failure)
Confirm with . or Enter, or press ? or * to list all spells.
You blink.
An ogre mage and 3 two-headed ogres come into view.
Found 9 gold pieces.
Found Quid's Magic Scroll Shoppe.
The two-headed ogre shouts in stereo! x2; The ogre shouts!
You hear a shout!
The ogre mage casts a spell at you.
You easily resist.
An orc sorcerer comes into view.
It is wielding a +0 dagger and wearing a +2 robe of the Archmagi.
The ogre mage casts a spell.
The ogre mage flickers and vanishes for a moment.
An ogre comes into view. It is wielding a +0 giant club.
The two-headed ogre hits you with a +0 giant club!!
* * * LOW HITPOINT WARNING * * *
The two-headed ogre hits you but does no damage.
The two-headed ogre hits you with a +0 giant club.
* * * LOW HITPOINT WARNING * * *
The two-headed ogre barely misses you.
An ogre comes into view. It is wielding a +0 giant spiked club.
Unknown command.
Okay, then.
Okay, then.
You feel much better.
The ogre mage points at the two-headed ogre and mumbles some strange words.
The two-headed ogre seems to speed up.
A troll comes into view.
The ogre hits you with a +0 giant club!!
You die...

.$... #.#... .....#
#..o... ..
##....##.......
.##.....#........
##.#......T....O.∩
#.................
##.......OO.∩.....
##.#..O.OTC@..OO...
##........OOO.......
#......§..TO.)....OT
.#...O##............
..... ##...........
.... ............
... ............O ..
.............. .
..#.


You could see 6 two-headed ogres, 2 ogre magi, a deep troll, a cyclops, 3
trolls, an orc sorcerer and 6 ogres.

Vanquished Creatures
  A hydra (D:11)
  Harold (D:9)
  Erica (D:9)
  A two-headed ogre (D:10)
  Sonja (Lair:1)
  A deep troll (D:10)
  A manticore (D:11)
  A black mamba (Lair:1)
  4 centaur zombies
  A cane toad (Lair:1)
  2 kobold demonologists
  A komodo dragon (Lair:2)
  Maggie (D:7)
  8 trolls
  A wyvern (Lair:2)
  11 yaks (Lair:1)
  A naga (Lair:2)
  A water moccasin (Lair:1)
  Duvessa (D:6)
  11 orc warriors
  An ice beast (D:7)
  A sky beast (D:8)
  3 black bears
  14 ogres
  A necrophage (D:6)
  A boggart (D:10)
  5 centaurs
  A phantom (D:4)
  5 kobold brigands
  9 bullfrogs
  2 wyvern zombies (D:8)
  3 gnoll sergeants
  A wyvern skeleton (D:7)
  A scorpion (D:10)
  Dowan (D:6)
  4 killer bees (D:9)
  8 wights
  5 howler monkeys
  A bullfrog skeleton (D:5)
  3 gnoll shamans
  9 orc priests
  4 hounds
  A centaur skeleton (D:6)
  Terence (D:3)
  2 iguanas
  A scorpion zombie (D:5)
  Crazy Yiuf (D:4)
  12 orc wizards
  A killer bee zombie (D:7)
  A howler monkey zombie (D:9)
  29 gnolls
  6 adders
  A shadow imp (D:6)
  2 ufetubi
  2 adder skeletons
  2 worms (D:3)
  2 dart slugs (D:4)
  42 orcs
  7 ball pythons
  6 endoplasms
  7 giant cockroaches
  10 goblins
  14 hobgoblins
  6 jackals
  8 kobolds
  3 quokkas
  5 bats
  5 frilled lizards
  9 rats
320 creatures vanquished.

Vanquished Creatures (collateral kills)
  An orc (D:6)
1 creature vanquished.

Vanquished Creatures (others)
  An orc (D:6)
  8 fungi
  11 plants
20 creatures vanquished.

Grand Total: 341 creatures vanquished

Notes
Turn   | Place    | Note
-------+----------+-------------------------------------------
     0 | D:1      | zazu2006 the Naga Hedge Wizard began the quest for the Orb.
     0 | D:1      | Reached XP level 1. HP: 15/15 MP: 4/4
   148 | D:1      | Reached XP level 2. HP: 22/22 MP: 4/6
   797 | D:1      | Reached XP level 3. HP: 28/28 MP: 1/8
   801 | D:1      | Learned a level 3 spell: Mephitic Cloud
   805 | D:1      | Learned a level 3 spell: Conjure Flame
   808 | D:1      | Learned a level 2 spell: Blink
  1226 | D:2      | Found Qeumom's Distillery.
  1837 | D:2      | Reached XP level 4. HP: 35/36 MP: 2/10
  2161 | D:3      | Found a faded altar of an unknown god.
  2427 | D:3      | Noticed Terence
  2459 | D:3      | Killed Terence
  2460 | D:3      | Reached skill level 1 in Fighting
  2889 | D:3      | Reached XP level 5. HP: 45/45 MP: 8/11
  3823 | D:4      | Noticed an ogre
  3839 | D:4      | Noticed an ogre
  3860 | D:4      | Killed an ogre
  3861 | D:4      | Reached XP level 6. HP: 52/52 MP: 3/12
  4227 | D:4      | Noticed a black bear
  4448 | D:4      | Killed a black bear
  4449 | D:4      | Reached skill level 4 in Stealth
  4449 | D:4      | Reached skill level 1 in Poison Magic
  4516 | D:4      | Reached skill level 1 in Air Magic
  4749 | D:4      | Reached XP level 7. HP: 60/61 MP: 14/14
  5023 | D:4      | Reached skill level 5 in Spellcasting
  5550 | D:4      | Found a runed translucent door.
  5551 | D:4      | Noticed Crazy Yiuf
  5884 | D:4      | Found the +1 Delatra's gloves {ID++}
  6273 | D:4      | Killed Crazy Yiuf
  6405 | D:5      | Entered Level 5 of the Dungeon
  6431 | D:5      | Reached XP level 8. HP: 55/68 MP: 14/16
  6540 | D:5      | Reached skill level 1 in Fire Magic
  6714 | D:5      | Noticed a troll
  7215 | D:5      | Killed a troll
  7216 | D:5      | Reached skill level 1 in Armour
  7216 | D:5      | Reached skill level 5 in Stealth
  7792 | D:6      | Reached skill level 5 in Conjurations
  7792 | D:6      | Reached XP level 9. HP: 78/78 MP: 7/18
  7972 | D:6      | Noticed Duvessa
  7973 | D:6      | Noticed Dowan
  8194 | D:6      | Killed Duvessa
  8305 | D:6      | Killed Dowan
  9029 | D:7      | Noticed Maggie
  9113 | D:7      | Reached skill level 1 in Long Blades
  9538 | D:7      | Found a staircase to the Ecumenical Temple.
  9575 | D:7      | Killed Maggie
  9613 | Temple   | Entered the Ecumenical Temple
 10133 | Temple   | Became a worshipper of Vehumet
 10211 | D:7      | Reached skill level 1 in Evocations
 10355 | D:7      | Reached XP level 10. HP: 85/87 MP: 15/19
 11180 | D:8      | Reached skill level 5 in Poison Magic
 11184 | D:8      | Reached skill level 5 in Fighting
 11206 | D:8      | Found an opulent altar of Gozag.
 11219 | D:8      | Reached skill level 6 in Stealth
 11382 | D:8      | Noticed a kobold demonologist
 11396 | D:8      | Killed a kobold demonologist
 11673 | D:8      | Found a runed translucent gate.
 11673 | D:8      | Found a runed translucent gate.
 11673 | D:8      | Found a runed translucent gate.
 11673 | D:8      | Found an opulent altar of Gozag.
 11674 | D:8      | Noticed Corwin's ghost (novice HuBe)
 11925 | D:8      | Noticed an unseen horror
 11958 | D:9      | Noticed Erica
 11976 | D:9      | Killed Erica
 11977 | D:9      | Reached skill level 5 in Long Blades
 12238 | D:9      | Noticed a boulder beetle
 12658 | D:9      | Noticed a kobold demonologist
 12666 | D:9      | Noticed a smoke demon
 12669 | D:9      | Killed a kobold demonologist
 12816 | D:9      | Reached skill level 7 in Stealth
 12895 | D:9      | Reached * piety under Vehumet
 12895 | D:9      | Offered knowledge of Freeze by Vehumet.
 12896 | D:9      | Noticed Harold
 12906 | D:9      | Killed Harold
 12907 | D:9      | Reached XP level 11. HP: 66/97 MP: 18/21
 13378 | D:10     | Entered Level 10 of the Dungeon
 13500 | D:10     | Reached skill level 8 in Stealth
 13904 | D:10     | Found a staircase to the Orcish Mines.
 14102 | D:10     | Found a burning altar of Makhleb.
 14209 | D:10     | Offered knowledge of Searing Ray by Vehumet.
 14286 | D:10     | Found a staircase to the Lair.
 14297 | D:10     | Reached ** piety under Vehumet
 14298 | D:10     | Identified the amulet "Jehuj" {-Tele rPois Regen+ Str+5}
 14388 | D:10     | Reached skill level 5 in Dodging
 14823 | D:10     | Noticed a two-headed ogre
 14838 | D:10     | Killed a two-headed ogre
 15028 | D:10     | Found Gijoryrih's Armour Boutique.
 15150 | D:10     | Reached skill level 9 in Stealth
 15438 | D:10     | Found Qoseiges's Weapon Shoppe.
 15662 | D:11     | Noticed a seven-headed hydra
 15669 | D:11     | Killed a four-headed hydra
 15833 | D:11     | Noticed an orange crystal statue
 15833 | D:11     | Noticed an orange crystal statue
 15932 | D:11     | Noticed a manticore
 15943 | D:11     | Killed a manticore
 16027 | D:11     | Noticed a skeletal warrior
 16060 | Orc:1    | Entered Level 1 of the Orcish Mines
 16619 | Orc:2    | Entered Level 2 of the Orcish Mines
 16619 | Orc:2    | Noticed a deep troll
 16619 | Orc:2    | Noticed an ogre mage
 16619 | Orc:2    | Found Sousik's Armour Boutique.
 16620 | Orc:2    | Noticed a two-headed ogre
 16622 | Orc:2    | Noticed a two-headed ogre
 16623 | Orc:2    | Noticed a deep troll
 16624 | Orc:2    | Offered knowledge of Frozen Ramparts by Vehumet.
 16693 | Lair:1   | Entered Level 1 of the Lair of Beasts
 16879 | Lair:1   | Reached XP level 12. HP: 92/106 MP: 21/23
 16890 | Lair:1   | Reached skill level 10 in Stealth
 17004 | Lair:1   | Found a transporter.
 17011 | Lair:1   | Found a transporter.
 17011 | Lair:1   | Noticed crazypyro's ghost (journeyman DsFi)
 17147 | Lair:1   | Reached *** piety under Vehumet
 17487 | Lair:1   | Noticed Sonja
 17496 | Lair:1   | Cast into level 1 of the Abyss (Sonja)
 17526 | Abyss:1  | Noticed a rakshasa
 17555 | Abyss:1  | Gained mutation: You are frail. (-10% HP) [a neqoxec]
 17561 | Lair:1   | Escaped the Abyss
 17580 | Lair:1   | Killed Sonja
 17707 | Lair:1   | Identified the +10 chain mail of Compression {-Cast Fly
                  | rF+}
 17905 | Lair:2   | Noticed an eight-headed hydra
 17937 | Lair:2   | Noticed Fannar
 19036 | D:10     | Upgraded the game from 0.29-a0-43-g62a80824bf to
                  | 0.29-a0-91-gdebf4667c2
 19086 | Orc:2    | Noticed a two-headed ogre
 19087 | Orc:2    | Found Quid's Magic Scroll Shoppe.
 19087 | Orc:2    | Noticed a two-headed ogre
 19087 | Orc:2    | Noticed a two-headed ogre
 19087 | Orc:2    | Noticed an ogre mage
 19087 | Orc:2    | Noticed a two-headed ogre
 19088 | Orc:2    | Slain by an ogre

Illustrated notes

Levels and vault maps discovered:
D:1:      wander_arrival_estate, layout_rooms
D:2:      layout_loops_ring, serial_shops, shop
D:3:      layout_loops_ring, shapermc_ecumenical_altar_notcrosses, uniq_terence
D:4:      layout_basic, pf_guarded_unrand_delatra, uniq_crazy_yiuf_cottage
D:5:      layout_rooms
D:6:      layout_rooms, hangedman_abyss_or_decor_stagger, uniq_duvessa
D:7:      layout_cave_pods, minmay_temple_entry_arrows, uniq_maggie
D:8:      layout_cave_pools, mainiacjoe_overflow_paths, ebering_ghost_gozag,
          minmay_misc_feat_hallway
D:9:      layout_loops_ring, minmay_misc_feat_encased, chequers_jeans,
          uniq_harold, uniq_erica
D:10:     layout_loops_cross, kennysheep_mini, grunt_lair_entry_orc_guard_hut,
          kennysheep_orc_monster_closet_entryway, serial_shops,
          kennysheep_little_box, nicolae_square_shop, lightli_fourway_metalbox
D:11:     minmay_the_grid_triangle_9x9_recursive_3
          [minmay_the_grid_triangle_9x9_cache,
          minmay_the_grid_triangle_9x9_fully_insulated_deathbox,
          minmay_the_grid_triangle_9x9_tough_junction,
          minmay_the_grid_triangle_9x9_prize_schism,
          minmay_the_grid_triangle_9x9_intruding_spiral,
          minmay_the_grid_triangle_9x9_swiss_cheese,
          minmay_the_grid_triangle_9x9_stretched_checkered,
          minmay_the_grid_triangle_9x9_sparse_checkered,
          minmay_the_grid_triangle_9x9_empty], layout_loops_corners, david_greed
Temple:   mainiacjoe_temple_big_plus
Lair:1:   layout_cave_pods, gammafunk_ghost_arena, uniq_sonja
Lair:2:   layout_long_grid, minmay_snake_entry_guardpost_medium, uniq_fannar
Orc:1:    layout_diamond_mine, uniq_urug
Orc:2:    st_orc_open, layout_caves

Skill      XL: |  1  2  3  4  5  6  7  8  9 10 11 12 |
---------------+-------------------------------------+-----
Dodging        | 2 3 4 5 |  5.6
Spellcasting   | 4 5 6 7 |  7.9
Fighting       | 1 2 4 5 6 7 |  7.3
Conjurations   | 2 3 4 5 6 7 |  7.7
Stealth        | 4 5 7 9 10 | 10.5
Poison Magic   | 1 2 4 5 6 |  6.7
Air Magic      | 1 2 3 4 |  4.4
Fire Magic     | 1 |  1.5
Armour         | 1 2 |  2.3
Long Blades    | 3 5 7 8 |  8.7
Translocations | 2 |  2.3
Evocations     | 1 |  1.3
Summonings     | |  1.0

Action                   |  1- 3 |  4- 6 |  7- 9 | 10-12 || total
-------------------------+-------+-------+-------+-------++-------
Melee: Dagger            |     3 |    45 |       |       ||    48
       Punch             |       |     1 |    11 |     7 ||    19
       Short sword       |       |    40 |   262 |       ||   302
       Long sword        |       |       |    69 |       ||    69
       Scimitar          |       |       |    33 |   380 ||   413
 Cast: Magic Dart        |    95 |    76 |   196 |   104 ||   471
       Mephitic Cloud    |       |    11 |    33 |    79 ||   123
       Blink             |       |       |     6 |     4 ||    10
       Conjure Flame     |       |       |     4 |     7 ||    11
 Abil: Spit Poison       |    12 |    23 |    28 |    33 ||    96
Evoke: Wand              |       |       |    20 |     4 ||    24
  Use: Scroll            |       |     2 |       |     9 ||    11
       Potion            |       |     1 |     2 |     2 ||     5
 Stab: Confused          |       |     5 |    12 |    47 ||    64
       Sleeping          |       |     1 |       |     2 ||     3
       Invisible         |       |       |     2 |       ||     2
       Distracted        |       |       |       |     1 ||     1
Armor: Robe              |       |    39 |    32 |       ||    71
       Leather armour    |       |       |   178 |       ||   178
       Steam dragon scal |       |       |     5 |   169 ||   174
Dodge: Dodged            |    10 |    71 |   236 |   279 ||   596

Table legend: (Time is in decaauts)
 A = Elapsed time spent in this place.
 B = Non-inter-level travel time spent in this place.
 C = Inter-level travel time spent in this place.
 D = Time resting spent in this place.
 E = Time spent auto-exploring this place.
 F = Levels seen in this place.
 G = Mean time per level.
                   A        B        C        D        E       F      G
               +--------+--------+--------+--------+--------+-----+--------+
         Total |  22537 |  21616 |    921 |   3162 |  14037 |  17 | 1325.7 |
       Dungeon |  18836 |  18145 |    691 |   2609 |  11819 |  11 | 1712.4 |
        Temple |    705 |    674 |     31 |      0 |    645 |   1 |  705.0 |
          Lair |   2109 |   1970 |    139 |    468 |   1178 |   2 | 1054.5 |
  Orcish Mines |    795 |    736 |     59 |     85 |    393 |   2 |  397.5 |
         Abyss |     90 |     90 |      0 |      0 |      0 |   1 |   90.0 |
               +--------+--------+--------+--------+--------+-----+--------+

Top non-repeatable levels by time:
    D:10: 2911 daAuts
     D:3: 2615 daAuts
     D:4: 2611 daAuts
     D:9: 1871 daAuts
     D:6: 1848 daAuts
     D:7: 1751 daAuts
  Lair:1: 1689 daAuts
     D:1: 1253 daAuts
     D:8: 1208 daAuts
     D:2: 1208 daAuts
     D:5: 1023 daAuts
   Orc:1: 782 daAuts
  Temple: 705 daAuts
    D:11: 533 daAuts
  Lair:2: 419 daAuts
